cohdb
Replays
Latest Replays
All Replays
Popular Replays
Top Player Replays
Match Explorer
How It Works
Community
CoH3 Stats
Reddit
Sign in to upload your games and track your stats! →
Sign in with Steam
Match 42873663
Unlisted
Match 42873663
Overview
Messages
Build Orders
End
Construct Section Command Post
Selects Canadian Shock Battlegroup
Royal Engineer Section
Infantry Section
ML 3-inch Mortar Team
Grenade Package
Selects Incendiary Munitions
Construct Platoon Command Post
Infantry Section
Infantry Training
CMP 15cwt Truck
Construct Field Infirmary
Selects Pyrotechnics
Royal Engineer Section
Construct Company Command Post
Unlock M3 Grant Medium Tanks
M3 Grant Medium Tank
Foot Guards Section
Selects Demolition Engineering
M3 Grant Medium Tank
Selects Offensive Resupply
Selects Canadian Shock Section
M3 Grant Medium Tank
M3 Grant Medium Tank
Selects Point Assault
Point Assault
Armored Vehicle Training
6-pounder Anti-tank Gun Team
M3 Grant Medium Tank
Point Assault
Royal Engineer Section
Foot Guards Section
M3 Grant Medium Tank
M3 Grant Medium Tank
Point Assault
M3 Grant Medium Tank
GreyGreyWater
DAMOSQUITO
vonAJ
lamasroman580
Rattler
brainsalad
[ЯΞПΞGΔ2]DRAGO
OberstRush
0
0
Comments
sign in to comment!
No comments posted yet!